 Dungeon Crawl Stone Soup version 0.27-a0-380-g150de4c316 (webtiles) character file.

Game seed: 10643431295532500742

35 dickylongcocking the Sneak (level 3, -9/26 HPs)
             Began as an Octopode Delver on Feb 18, 2021.
             Mangled by an ogre
             ... wielding a +0 giant spiked club
              (21 damage)
             ... on level 4 of the Dungeon.
             The game lasted 00:00:28 (222 turns).

dickylongcocking the Sneak (Octopode Delver)         Turns: 222, Time: 00:00:28

Health: -9/26      AC:  1    Str: 11    XL:     3   Next: 35%
Magic:  3/3        EV: 13    Int: 12    God:
Gold:   16         SH:  0    Dex: 14    Spells: 2/2 levels left

rFire    . . .     SeeInvis .     - Unarmed
rCold    . . .     Faith    .   (no shield)
rNeg     . . .     Spirit   .   (helmet restricted)
rPois    .         Reflect  .   (no amulet)
rElec    .         Harm     .   (no ring)
rCorr    .         Rampage  .   (no ring)
Will     .....                  (no ring)
Stlth    +++++.....             (no ring)
HPRegen  0.08/turn              (no ring)
MPRegen  0.08/turn              (no ring)
                                (no ring)
                                (no ring)

@: no status effects
A: almost no armour, stealthy swim, amphibious, 8 rings, constrict 8, camouflage
1, gelatinous body 1
a: no special abilities


You were on level 4 of the Dungeon.
You visited 1 branch of the dungeon, and saw 2 of its levels.

You collected 16 gold pieces.

Inventory:

Wands
 e - a wand of digging (2)
Scrolls
 a - a scroll of fog
 b - a scroll of magic mapping
Potions
 d - a potion of haste


   Skills:
 + Level 3.2 Fighting
 + Level 2.1 Dodging
 + Level 7.7 Stealth
 + Level 2.1 Unarmed Combat


You had 2 spell levels left.
You didn't know any spells.
Your spell library was empty.

Dungeon Overview and Level Annotations

Branches:
Dungeon (5/15)
 Temple: D:4-7

Altars:

Annotations:
D:4 Menkaure


Innate Abilities, Weirdness & Mutations

You cannot wear most types of armour.
You are very stealthy in the water. (Stealth+)
You are amphibious.
You can wear up to eight rings at the same time.
You can use your tentacles to constrict eight enemies at once.
Your skin changes colour to match your surroundings (Stealth+).
Your rubbery body absorbs attacks. (AC +1, EV +1)


Message History

2 orcs come into view.
The orc moves out of view.
Found 14 gold pieces.
Unknown command.
Menkaure whispers a few words.
The bullfrog hits you.
Okay, then.
Menkaure mumbles some strange words.
Menkaure seems to speed up.
The bullfrog barely misses you.
Okay, then.
As you read the scroll of fear, it crumbles to dust.
You assume a fearsome visage.
Menkaure is unaffected.
The bullfrog looks frightened!
Menkaure calls on the powers of darkness!
The bullfrog convulses!
Your body is wracked with pain!
You hear a shout!
Okay, then.
Aiming: Dig
Press: ? - help, Shift-Dir - straight line, f - you Please select a direction to dig.
The rock shatters into small pieces.
Menkaure points at you and mumbles some strange words.
Pain shoots through your body!
Okay, then.
An orc comes into view. It is wielding a +0 flail.
Found a viscous pink potion.
Okay, then.
You aren't carrying any pieces of jewellery.
Okay, then.
Found a ruby potion.
An iguana comes into view.
Found a robe.
An ogre comes into view. It is wielding a +0 giant spiked club.
Menkaure murmurs, "Let me perform the rites..."
Menkaure closely misses you.
The iguana hisses angrily.
The iguana misses you.
The ogre hits you with a +0 giant spiked club!!
Ouch! That really hurt!
You die...

.####.####
.........#
.........#
.....$...##
..........#########
..........o....[..#
...............M..#
...........!...l..#
...............O@.#
......##....!.....#
..... #..........#
... #..........#
#..........#
..........#
.........#
.........#


You could see an ogre, Menkaure (fast), an iguana and an orc.

Vanquished Creatures
  An iguana (D:4)
  An adder (D:4)
  A quokka skeleton (D:4)
3 creatures vanquished.

Notes
Turn   | Place    | Note
-------+----------+-------------------------------------------
     0 | D:5      | dickylongcocking the Octopode Delver began the quest for
                  | the Orb.
     0 | D:5      | Reached XP level 1. HP: 16/16 MP: 1/1
    16 | D:5      | Noticed a gargoyle
    27 | D:4      | Noticed an iguana
    35 | D:4      | Killed an iguana
    36 | D:4      | Reached skill level 7 in Stealth
    36 | D:4      | Reached XP level 2. HP: 12/21 MP: 2/2
    36 | D:4      | Reached XP level 3. HP: 15/26 MP: 3/3
   198 | D:4      | Noticed a bullfrog
   199 | D:4      | Noticed Menkaure
   215 | D:4      | Noticed an ogre
   222 | D:4      | Mangled by an ogre

Illustrated notes

Levels and vault maps discovered:
D:4:      layout_basic, lexackson_kobold_supper, uniq_menkaure
D:5:      layout_rooms, lemuel_doored_altar, elyvilon_altar_4

Skill      XL: |  1 |
---------------+----+-----
Stealth        | 7 |  7.7
Fighting       | |  3.2
Dodging        | |  2.1
Unarmed Combat | |  2.1

Action                   || total
-------------------------++-------
Melee: Unarmed           ||    11
       Tentacles         ||     5
       Constrict         ||     3
Evoke: Wand              ||     1
  Use: Scroll            ||     1
Dodge: Dodged            ||    13

Table legend: (Time is in decaauts)
 A = Elapsed time spent in this place.
 B = Non-inter-level travel time spent in this place.
 C = Inter-level travel time spent in this place.
 D = Time resting spent in this place.
 E = Time spent auto-exploring this place.
 F = Levels seen in this place.
 G = Mean time per level.
                   A        B        C        D        E       F      G
               +--------+--------+--------+--------+--------+-----+--------+
         Total |    221 |    221 |      0 |    148 |     21 |   2 |  110.5 |
       Dungeon |    221 |    221 |      0 |    148 |     21 |   2 |  110.5 |
               +--------+--------+--------+--------+--------+-----+--------+

Top non-repeatable levels by time:
     D:4: 200 daAuts
     D:5: 21 daAuts
